Map: Dreamcatcher LE

Players

Zest

  • Race: Protoss Protoss
  • League: Master
  • Spawn Location: 5:00

Solar - Winner!

  • Race: Zerg Zerg
  • League: Diamond
  • Spawn Location: 11:00

Event: HomeStory Cup XVII

VOD

Have the link to the VOD?

Description

Time

  • Played on: July 1, 2018, 11:47 a.m.
  • Length: 13:53

All games in this series

Show
View Real Time Build Order
Export as new Build Order

Zest Protoss 

Build Orders: 1 Gate Expand, Oracle Opening, Phoenix Opening, Archon Immortal, Mass Phoenix 

Get SALT Encoding   

  12  0:00  Probe  
  13  0:13  Probe  
  14  0:18  Pylon  
  14  0:24  Probe  
  15  0:32  Probe  
  15  0:39  Gateway  
  15  0:41  Probe  
  16  0:46  Assimilator  
  17  0:51  Probe  
  18  1:03  Probe  
  19  1:15  Probe  
  20  1:24  Nexus  
  20  1:33  Cybernetics Core  
  20  1:37  Probe  
  21  1:44  Assimilator  
  21  1:49  Probe  
  21  1:52  Pylon  
  22  2:01  Adept, Probe  
  23  2:15  Probe, Stargate  
  26  2:25  Warp Gate  
  26  2:28  Adept  
  28  2:30  Probe  
  28  2:33  Probe  
  30  2:42  Probe  
  30  2:43  Probe  
  32  2:51  Phoenix  
  32  2:52  Probe  
  32  2:55  Probe  
  36  3:04  Oracle  
  36  3:05  Probe  
  39  3:07  Probe  
  39  3:09  Pylon  
  40  3:17  Probe  
  40  3:19  Probe  
  43  3:25  Assimilator  
  43  3:27  Assimilator  
  43  3:29  Probe  
  43  3:31  Probe  
  45  3:41  Gateway, Probe  
  46  3:42  Stargate  
  46  3:43  Probe  
  47  3:53  Probe  
  47  3:54  Pylon  
  48  3:55  Probe  
  48  3:56  Phoenix  
  51  4:05  Probe  
  51  4:08  Probe  
  53  4:11  Pylon  
  53  4:17  Probe  
  53  4:18  Phoenix  
  53  4:20  Probe  
  55  4:26  Phoenix  
  55  4:30  Probe  
  60  4:32  Probe  
  60  4:37  Zealot  
  60  4:38  Phoenix  
  63  4:45  Phoenix  
  65  4:46  Pylon  
  67  4:59  Nexus, Phoenix  
  67  5:01  Pylon  
  71  5:09  Sentry  
  71  5:11  Adept  
  73  5:15  Phoenix  
  75  5:24  Phoenix, Probe x2  
  79  5:38  Probe x2  
  79  5:40  Phoenix  
  83  5:46  Protoss Air Weapons Level 1, Pylon  
  83  5:49  Phoenix  
  85  5:50  Probe  
  85  5:53  Probe  
  86  5:59  Pylon  
  86  6:00  Twilight Council  
  86  6:02  Forge  
  86  6:05  Adept x2  
  86  6:09  Probe x2  
  92  6:13  Probe  
  93  6:21  Probe  
  93  6:23  Phoenix x2  
  94  6:31  Robotics Facility x2  
  98  6:35  Gateway  
  98  6:42  Sentry, Zealot  
  102  7:04  Probe x2, Protoss Ground Weapons Level 1  
  102  7:05  Charge  
  102  7:06  Zealot x2  
  104  7:13  Immortal x2  
  104  7:16  Probe x2  
  104  7:17  Probe  
  104  7:19  Pylon  
  115  7:41  Probe x2  
  117  7:44  Pylon  
  117  7:45  Probe  
  117  7:47  Gateway  
  117  7:48  Gateway  
  117  7:50  Gateway  
  117  7:51  Pylon  
  118  7:52  Assimilator, Templar Archives  
  118  7:53  Probe x2  
  118  7:55  Immortal  
  118  7:58  Assimilator  
  124  8:00  Photon Cannon  
  124  8:02  Immortal, Pylon  
  126  8:15  Zealot x3  
  132  8:30  Nexus  
  132  8:34  Immortal, Pylon  
  132  8:36  Pylon  
  132  8:39  Gateway  
  132  8:40  Gateway  
  136  8:41  Immortal  
  136  8:47  Phoenix  
  136  8:48  Phoenix  
  140  8:50  Protoss Shields Level 1  
  140  9:01  Shield Battery  
  140  9:02  High Templar x2, Zealot  
  148  9:03  Zealot x3  
  148  9:04  Shield Battery  
  156  9:10  Archon  
  154  9:29  Nexus  
  154  9:30  Pylon  
  154  9:32  Pylon  
  154  9:40  Pylon  
  154  9:48  High Templar  
  154  9:49  High Templar x3, Zealot x3  
  168  9:53  Archon  
  168  9:54  Archon  
  137  10:07  Zealot  
  137  10:08  Immortal  
  121  10:14  Zealot x3  
  121  10:18  Immortal  
  133  10:26  Assimilator  
  133  10:27  Assimilator  
  127  10:29  Sentry x2  
  129  10:36  Nexus  
  129  10:38  Phoenix x2  
  131  10:51  Warp Prism  
  131  10:54  Zealot  
  131  10:55  Photon Cannon  
  131  10:56  Zealot x3  
  141  11:01  Zealot x4  
  144  11:17  Zealot x4  
  104  11:25  Zealot  
  104  11:26  Zealot x3  
  104  11:29  Phoenix  
  110  11:41  Immortal x2  
  110  11:46  High Templar x4  
  126  11:50  Archon x2  
  126  11:55  Probe x2  
  126  11:56  Probe  
  126  12:00  Zealot x4  
  135  12:19  Assimilator  
  135  12:30  High Templar x4  
  135  12:31  Zealot x4  
  135  12:34  Archon x2  
  151  12:56  Immortal  
  123  12:59  Observer  
  123  13:04  Zealot x8  
  139  13:10  Phoenix  
  139  13:11  Phoenix  
  132  13:36  Zealot x5  
  132  13:37  Zealot x3  
Show
View Real Time Build Order
Export as new Build Order

Solar Zerg - Winner!

Build Orders: Hatch First, Swarm Host 

Get SALT Encoding   

  12  0:01  Drone  
  13  0:12  Overlord  
  13  0:17  Drone  
  14  0:30  Drone  
  14  0:31  Drone  
  16  0:47  Hatchery  
  15  0:51  Drone  
  15  0:54  Drone  
  17  0:57  Drone  
  18  1:05  Extractor  
  17  1:13  Spawning Pool  
  17  1:15  Drone  
  17  1:20  Drone  
  18  1:28  Drone  
  19  1:38  Drone  
  20  1:49  Overlord  
  20  2:01  Drone, Zergling x2  
  21  2:03  Queen x2  
  26  2:09  Metabolic Boost  
  26  2:16  Drone x2  
  28  2:32  Hatchery  
  28  2:35  Drone  
  28  2:36  Drone  
  29  2:41  Zergling x2  
  29  2:47  Queen  
  29  2:49  Zergling x2  
  32  2:52  Drone  
  32  2:56  Overlord  
  33  3:00  Drone  
  33  3:02  Drone  
  35  3:07  Drone  
  36  3:15  Drone x5  
  41  3:23  Queen  
  41  3:25  Overlord  
  43  3:28  Overlord  
  43  3:32  Spore Crawler  
  42  3:44  Spore Crawler, Drone  
  42  3:45  Drone x5  
  42  3:47  Drone  
  48  3:49  Drone  
  48  3:55  Queen  
  51  3:57  Drone x2  
  51  3:59  Drone  
  54  4:02  Overlord  
  54  4:05  Drone  
  54  4:09  Drone x2  
  56  4:14  Lair  
  56  4:16  Drone x2  
  58  4:22  Overlord  
  58  4:24  Extractor  
  58  4:25  Drone x4  
  58  4:30  Zergling x4  
  62  4:34  Extractor  
  62  4:35  Extractor  
  62  4:36  Roach Warren  
  62  4:37  Drone  
  60  4:38  Drone  
  60  4:39  Zergling x4  
  60  4:43  Zergling x2  
  60  4:44  Zergling x4  
  60  4:45  Zergling x2  
  68  4:48  Overlord  
  68  4:51  Overlord  
  67  4:54  Drone x2  
  67  4:57  Spore Crawler  
  67  4:59  Drone x2  
  71  5:00  Drone  
  71  5:05  Drone x3, Extractor  
  74  5:07  Overlord  
  74  5:11  Spore Crawler, Drone x2  
  74  5:13  Drone  
  76  5:15  Spore Crawler, Hydralisk Den  
  76  5:17  Drone  
  76  5:18  Drone, Evolution Chamber  
  76  5:19  Drone  
  76  5:23  Drone  
  76  5:24  Drone x2  
  76  5:25  Drone  
  76  5:27  Overlord  
  80  5:28  Drone  
  80  5:35  Drone x3  
  80  5:37  Drone x2  
  80  5:38  Drone x2  
  83  5:43  Overlord  
  83  5:46  Drone  
  83  5:48  Drone  
  83  5:51  Grooved Spines  
  83  5:52  Zerg Missile Weapons Level 1  
  83  5:56  Extractor  
  82  5:57  Hydralisk x4  
  82  5:59  Hydralisk  
  82  6:01  Drone  
  93  6:08  Hydralisk x3  
  98  6:11  Hydralisk, Drone  
  98  6:13  Hydralisk  
  98  6:16  Spore Crawler  
  102  6:18  Overlord  
  102  6:22  Hydralisk x2  
  102  6:24  Drone x3  
  101  6:27  Drone  
  101  6:28  Drone  
  101  6:31  Overlord  
  103  6:34  Drone x2  
  105  6:43  Overlord  
  105  6:48  Drone x2  
  105  6:49  Drone, Extractor  
  105  6:50  Overseer  
  105  6:51  Infestation Pit  
  105  6:53  Drone x3  
  105  6:54  Drone x2  
  109  7:07  Muscular Augments  
  106  7:09  Hatchery  
  106  7:15  Hydralisk x4  
  102  7:18  Overlord  
  102  7:19  Overlord x3  
  110  7:25  Zergling x6  
  110  7:26  Zergling x4  
  110  7:28  Zergling x4  
  117  7:30  Zergling x2  
  117  7:31  Zergling x2  
  117  7:34  Spore Crawler, Zergling x4  
  117  7:38  Overlord  
  117  7:39  Overlord  
  114  7:44  Drone x3  
  116  7:59  Swarm Host  
  116  8:00  Swarm Host x5  
  116  8:04  Swarm Host  
  134  8:07  Drone  
  134  8:08  Drone x2  
  134  8:10  Swarm Host x3  
  134  8:12  Overlord  
  146  8:16  Baneling Nest, Zerg Melee Weapons Level 1  
  145  8:20  Swarm Host  
  145  8:22  Swarm Host  
  145  8:23  Swarm Host  
  153  8:28  Swarm Host x2  
  153  8:33  Swarm Host  
  162  8:35  Drone  
  162  8:36  Drone x3  
  162  8:39  Queen  
  168  8:45  Spore Crawler x2, Hydralisk x2  
  167  8:53  Hydralisk x2  
  168  8:59  Overlord  
  169  9:04  Zergling x16  
  169  9:05  Zergling x2  
  178  9:11  Zergling x2  
  178  9:12  Zergling x10  
  178  9:13  Overlord  
  178  9:15  Centrifical Hooks  
  184  9:17  Overlord  
  184  9:21  Baneling  
  184  9:22  Baneling x6  
  184  9:25  Baneling x2  
  184  9:26  Baneling x2, Drone x2  
  184  9:30  Zergling x8  
  190  9:34  Zergling x2  
  190  9:35  Zergling x8  
  190  9:37  Overlord  
  195  9:40  Zergling x6  
  198  9:47  Baneling x3  
  198  9:51  Zergling x4  
  199  10:01  Hydralisk  
  199  10:03  Hydralisk x3  
  199  10:05  Hydralisk x2  
  199  10:06  Hydralisk x2  
  199  10:07  Hydralisk  
  190  10:08  Hydralisk x2  
  190  10:10  Zergling x4  
  190  10:11  Hydralisk  
  190  10:14  Hydralisk  
  182  10:16  Hydralisk  
  182  10:18  Hydralisk  
  182  10:21  Hydralisk x2  
  170  10:23  Hydralisk  
  170  10:28  Hydralisk x2  
  172  10:31  Hydralisk  
  175  10:37  Hydralisk x2  
  175  10:41  Baneling x8  
  175  10:42  Overseer  
  177  10:43  Zergling x2  
  177  10:44  Zergling x2  
  177  10:46  Zergling x2  
  177  10:49  Zergling x4  
  182  10:51  Zerg Melee Weapons Level 2  
  182  10:53  Zergling x4  
  182  10:55  Zergling x10  
  188  10:59  Zergling x2  
  188  11:00  Zergling x6  
  188  11:02  Zergling x2  
  190  11:10  Zergling x6  
  193  11:12  Hydralisk  
  193  11:14  Hydralisk  
  193  11:15  Hatchery  
  193  11:18  Zergling x6  
  185  11:19  Zergling x2  
  185  11:21  Hydralisk  
  185  11:23  Zergling x2  
  185  11:25  Hydralisk, Zergling x2  
  163  11:28  Hydralisk  
  163  11:29  Hydralisk  
  163  11:31  Hydralisk  
  159  11:33  Hydralisk  
  159  11:36  Zergling x2  
  159  11:37  Zergling x4  
  160  11:41  Baneling x5  
  160  11:42  Baneling x5  
  160  11:46  Hydralisk x2  
  164  11:48  Hydralisk  
  164  11:51  Hydralisk  
  168  11:57  Baneling x6  
  168  11:59  Zergling x8  
  168  12:00  Hydralisk  
  174  12:04  Baneling  
  174  12:05  Baneling x7  
  174  12:07  Hydralisk  
  176  12:08  Hydralisk  
  176  12:11  Hydralisk  
  176  12:13  Hydralisk  
  181  12:17  Zergling x2  
  181  12:18  Zergling x6  
  181  12:21  Zergling x2  
  181  12:22  Zergling x6  
  188  12:28  Overlord x3  
  187  12:31  Hydralisk  
  187  12:32  Hydralisk  
  187  12:33  Zergling x2  
  187  12:35  Baneling x3  
  192  12:38  Zergling x4  
  192  12:41  Baneling  
  192  12:42  Baneling x4  
  194  12:45  Zergling x8  
  194  12:47  Baneling  
  194  12:48  Baneling x3  
  197  12:56  Hydralisk x4  
  197  12:57  Zergling x2  
  195  12:59  Zergling x2  
  195  13:05  Zergling x8  
  199  13:10  Baneling x6  
  199  13:11  Baneling x7  
  197  13:16  Zergling x8  
  198  13:32  Zergling x8  
Tags
 
Add a new tag
Caveats
  • Supply blocks, unpowered buildings, or Contaminate may cause inaccurate times.
  • Supply counts are checked every 10 seconds.